Map: Dusk Towers

Players

SortOf - Winner!

  • Race: Zerg Zerg
  • League: Grandmaster

TerenZ

  • Race: Zerg Zerg
  • League: Master

Event: Gauntlet LotV Series 1 Qualifier 2

VOD

Have the link to the VOD?

Description

Time

  • Played on: Dec. 5, 2015, 1:25 p.m.
  • Length: 6:00

All games in this series

Show
View Real Time Build Order
Export as new Build Order

SortOf Zerg - Winner!

Build Orders: Hatch First 

Get SALT Encoding   

  12  0:00  Drone  
  13  0:14  Overlord  
  13  0:18  Drone  
  14  0:33  Drone x2  
  16  0:37  Drone  
  17  0:48  Drone  
  18  0:57  Hatchery  
  18  1:00  Drone  
  18  1:08  Drone  
  18  1:10  Extractor  
  18  1:19  Spawning Pool  
  18  1:20  Drone  
  18  1:29  Drone  
  19  1:40  Drone  
  20  1:51  Hatchery  
  20  1:57  Hatchery  
  20  1:59  Drone  
  20  2:09  Queen  
  20  2:12  Zergling x2  
  23  2:19  Metabolic Boost  
  23  2:23  Drone  
  23  2:28  Drone  
  23  2:29  Drone  
  26  2:33  Drone  
  27  2:37  Overlord  
  27  2:43  Baneling Nest  
  26  2:48  Zergling x2  
  26  2:50  Drone  
  28  2:57  Drone x3  
  31  3:04  Queen  
  33  3:10  Overlord  
  33  3:12  Drone  
  34  3:18  Roach Warren  
  33  3:20  Drone x2  
  33  3:26  Queen  
  35  3:31  Drone x2  
  39  3:39  Zergling x8  
  43  3:41  Zergling x2  
  43  3:43  Zergling x2  
  43  3:47  Overlord  
  45  3:52  Drone x2  
  46  3:59  Evolution Chamber  
  46  4:02  Drone x4  
  49  4:07  Drone  
  49  4:08  Drone x2  
  49  4:09  Extractor  
  51  4:10  Roach  
  51  4:13  Overlord  
  52  4:26  Roach x3  
  52  4:27  Drone  
  52  4:29  Overlord x2  
  56  4:37  Lair  
  54  4:43  Spine Crawler, Extractor  
  54  4:44  Drone x3  
  55  4:48  Drone x2  
  55  4:50  Drone  
  55  4:51  Drone  
  59  4:56  Roach x2  
  59  4:59  Roach  
  65  5:04  Drone x2  
  65  5:06  Drone x2  
  69  5:09  Overlord  
  69  5:11  Roach  
  71  5:17  Roach x3  
  71  5:20  Ravager  
  71  5:21  Overlord  
  78  5:23  Extractor  
  78  5:25  Drone x3  
  80  5:29  Roach  
  80  5:32  Roach x2  
Show
View Real Time Build Order
Export as new Build Order

TerenZ Zerg 

Build Orders: Hatch First, Roach Nydus 

Get SALT Encoding   

  12  0:01  Drone  
  13  0:12  Overlord  
  13  0:17  Drone  
  14  0:31  Drone x2  
  16  0:35  Drone  
  17  0:56  Hatchery  
  17  0:57  Drone  
  17  1:00  Drone  
  18  1:06  Extractor  
  17  1:17  Spawning Pool  
  16  1:19  Drone  
  16  1:22  Drone  
  18  1:32  Drone  
  19  1:40  Overlord  
  19  1:51  Drone  
  20  2:03  Drone  
  20  2:04  Queen  
  20  2:08  Queen  
  25  2:09  Zergling x2  
  25  2:13  Drone  
  27  2:19  Drone  
  28  2:26  Drone  
  28  2:27  Roach Warren  
  28  2:29  Extractor  
  27  2:30  Drone  
  29  2:40  Drone x2  
  31  2:44  Drone  
  31  2:50  Overlord  
  32  2:56  Overlord  
  32  3:04  Drone  
  32  3:05  Extractor  
  31  3:16  Drone  
  31  3:17  Drone x7  
  39  3:26  Drone  
  40  3:31  Extractor  
  40  3:33  Zergling x2  
  40  3:35  Evolution Chamber  
  40  3:40  Lair  
  39  3:42  Roach x2  
  43  3:50  Roach  
  43  3:52  Drone  
  43  3:53  Drone x6  
  52  4:01  Zerg Missile Weapons Level 1  
  52  4:07  Overlord  
  52  4:08  Overlord  
  51  4:24  Overlord  
  52  4:31  Roach x3  
  52  4:32  Roach x2  
  58  4:48  Nydus Network  
  58  4:50  Roach  
  58  4:51  Roach x4  
  67  4:57  Overlord  
  67  4:59  Roach x2  
  71  5:15  Overlord  
  71  5:25  Nydus Canal  
  71  5:27  Roach  
  71  5:28  Roach x5  
  83  5:45  Nydus Canal  
  83  5:48  Hatchery  
Tags
 
Add a new tag
Caveats
  • Supply blocks, unpowered buildings, or Contaminate may cause inaccurate times.
  • Supply counts are checked every 10 seconds.